 Dungeon Crawl Stone Soup version 0.30.0-29-ga12c61a403 (webtiles) character file.

Game seed: 3682570897642097947

310 qw the Chopper (level 6, -5/37 HPs)
             Began as a Gargoyle Fighter on June 5, 2023.
             Slain by a gnoll
             ... wielding a +0 halberd
              (9 damage)
             ... on level 3 of the Dungeon.
             The game lasted 00:01:01 (1938 turns).

qw the Chopper (Gargoyle Fighter)                   Turns: 1938, Time: 00:01:02

Health: -5/37      AC: 15    Str: 22    XL:     6   Next: 41%
Magic:  6/6        EV:  8    Int:  8    God:
Gold:   139        SH:  4    Dex:  9    Spells: 5/5 levels left

rFire   . . .        Y - +0 war axe
rCold   . . .        c - +0 buckler
rNeg    + . .        f - +0 chain mail
rPois   inf          g - +0 helmet
rElec   +            (no cloak)
rCorr   .            k - +0 pair of gloves
SInv    .            (no boots)
Will    .....        e - amulet of faith Stlth
                     (no ring)
HPRegen 0.26/turn    (no ring)
MPRegen 0.10/turn

%: faith
@: about to teleport
A: sickness immunity, AC +4, negative energy resistance 1, electricity
resistance, torment resistance 1, petrification resistance
a: no special abilities


You were on level 3 of the Dungeon.
You visited 1 branch of the dungeon, and saw 3 of its levels.

You collected 139 gold pieces.


Innate Abilities, Weirdness & Mutations

You are immune to sickness and miasma.
Your stone body is resilient. (AC +4)
You are immune to poison.
You resist negative energy. (rN+)
You are resistant to electric shocks. (rElec)
You are resistant to unholy torment.
You are immune to petrification.


   Skills:
 + Level 3.5 Fighting
 - Level 5.9 Axes
 - Level 3.2 Armour
 - Level 3.2 Shields


You had 5 spell levels left.
You didn't know any spells.
Your spell library was empty.

Inventory:

Hand Weapons
 h - a +0 flail
 Y - a +0 war axe (weapon)
Armour
 c - a +0 buckler (worn)
 f - a +0 chain mail (worn)
 g - a +0 helmet (worn)
 k - a +0 pair of gloves (worn)
 p - a +0 pair of boots
Jewellery
 e - an amulet of faith (around neck)
Scrolls
 l - a scroll of identify
 q - 3 scrolls of poison {unknown}
Potions
 b - a potion of curing
 d - 2 potions of might
 i - a potion of resistance {unknown}
 j - a potion of haste {unknown}
 m - a potion of magic {unknown}
 n - a potion of attraction {unknown}
 o - a potion of ambrosia {unknown}

Dungeon Overview and Level Annotations

Branches:
Dungeon (3/15)

Altars:
Elyvilon


Message History

The gnoll moves out of view.
The gnoll hits you with a +0 halberd!
A hobgoblin comes into view.
Enter note: You closely miss the gnoll.
The hobgoblin shouts!
The gnoll closely misses you.
An adder comes into view.
You hit the gnoll.
The gnoll is lightly wounded.
The gnoll hits you with a +0 halberd.
You slash the gnoll!
The gnoll is severely wounded.
The gnoll hits you with a +0 halberd. The gnoll hits you but does no damage.
You closely miss the gnoll.
The gnoll is severely wounded.
You hit the gnoll.
The gnoll hits you but does no damage. x2
You closely miss the gnoll.
The gnoll is severely wounded.
You barely miss the gnoll. The gnoll barely misses you.
The gnoll hits you but does no damage.
You barely miss the gnoll.
The gnoll is severely wounded.
You barely miss the gnoll. The gnoll hits you with a +0 halberd!
The gnoll hits you but does no damage.
You barely miss the gnoll.
The gnoll is severely wounded.
You barely miss the gnoll. The gnoll barely misses you.
The gnoll hits you but does no damage.
You hit the gnoll.
The gnoll is almost dead.
You hit the gnoll but do no damage. The gnoll barely misses you.
The gnoll hits you with a +0 club! The gnoll barely misses you.
You block the gnoll's attack.
1938 ||| READING scroll of teleportation.
As you read the scroll of teleportation, it crumbles to dust.
You feel strangely unstable. The gnoll hits you with a +0 halberd!
You die...

# .. ##########.#
..........
######## #.>#gS.
#......# #..#g#
###.####.# #..@g#
.......#.#
#..####.#
##..##.#.#
#.......#
##..##.#.#
##.######
##.......# #...#
##.###.### ###...#
##.# #.# ##...###
##.###.# ##..}..##
##...[.###.......#


You could see 2 gnolls, an adder and a hobgoblin.

Vanquished Creatures
  Grinder (D:3)
  6 gnolls
  2 adders (D:2)
  5 ball pythons
  6 endoplasms
  5 goblins
  5 hobgoblins
  3 jackals (D:1)
  3 kobolds
  3 quokkas (D:1)
  2 bats
  2 frilled lizards (D:1)
  5 rats
48 creatures vanquished.

Notes
Turn   | Place    | Note
-------+----------+-------------------------------------------
     0 | D:1      | qw the Gargoyle Fighter began the quest for the Orb.
     0 | D:1      | Reached XP level 1. HP: 14/14 MP: 1/1
     0 | D:1      | 0 ||| qw: Version: 0.2-a-108-gee2c290
     0 | D:1      | 0 ||| qw: Game counter: 1389
     0 | D:1      | 0 ||| qw: Always use a shield: true
     0 | D:1      | 0 ||| qw: God list: Okawaru
     0 | D:1      | 0 ||| qw: Allow faded altars: false
     0 | D:1      | 0 ||| qw: Do Orc after D:15 true
     0 | D:1      | 0 ||| qw: Do second Lair branch before Depths: true
     0 | D:1      | 0 ||| qw: Lair rune preference: random
     0 | D:1      | 0 ||| qw: Plans: Normal, Zot:1-4, Slime:5, God:TSO, Crypt,
                  | Tomb, Abyss, Pan, Hells, Win
     0 | D:1      | 0 ||| PLANNING D:1-11
    62 | D:1      | Reached skill level 2 in Axes
    66 | D:1      | 66 ||| Stepping ~*~*~tactically~*~*~ (stealth).
    68 | D:1      | 68 ||| Stepping ~*~*~tactically~*~*~ (stealth).
    85 | D:1      | 85 ||| Stepping ~*~*~tactically~*~*~ (stealth).
    86 | D:1      | 86 ||| Stepping ~*~*~tactically~*~*~ (stealth).
    87 | D:1      | 87 ||| Stepping ~*~*~tactically~*~*~ (stealth).
   102 | D:1      | 102 ||| Stepping ~*~*~tactically~*~*~ (stealth).
   103 | D:1      | 103 ||| Stepping ~*~*~tactically~*~*~ (stealth).
   114 | D:1      | Reached XP level 2. HP: 15/19 MP: 2/2
   121 | D:1      | 121 ||| Stepping ~*~*~tactically~*~*~ (stealth).
   430 | D:1      | Reached skill level 3 in Axes
   439 | D:1      | Reached XP level 3. HP: 13/23 MP: 3/3
   483 | D:1      | 483 ||| DROPPING +0 club.
   785 | D:1      | 785 ||| UPGRADING to +0 chain mail.
   795 | D:1      | 795 ||| DROPPING +0 scale mail.
   796 | D:1      | 796 ||| UPGRADING to +0 helmet.
   801 | D:1      | 801 ||| READING scroll labelled ZIEJOL ZOGU.
   802 | D:1      | 802 ||| DRINKING 2 green potions.
   950 | D:2      | Reached XP level 4. HP: 8/28 MP: 4/4
   950 | D:2      | HP: 7/28 [gnoll/+0 flail (1)]
   951 | D:2      | 951 ||| DRINKING potion of heal wounds.
   956 | D:2      | Reached skill level 4 in Axes
   976 | D:2      | 976 ||| DROPPING +0 whip.
  1442 | D:2      | Found a faded altar of an unknown god.
  1509 | D:2      | 1509 ||| UPGRADING to +0 pair of gloves.
  1514 | D:2      | 1514 ||| UPGRADING to amulet of faith.
  1519 | D:2      | 1519 ||| READING 2 scrolls labelled XAERIGG SOKHLUI.
  1523 | D:2      | 1523 ||| READING 2 scrolls of identify.
  1523 | D:2      | 1523 ||| IDENTIFYING bubbling clear potion
  1630 | D:3      | Noticed Grinder
  1646 | D:3      | Paralysed by Grinder for 5 turns
  1658 | D:3      | Killed Grinder
  1659 | D:3      | Reached skill level 5 in Axes
  1659 | D:3      | Reached XP level 5. HP: 20/32 MP: 5/5
  1659 | D:3      | Reached XP level 6. HP: 23/37 MP: 6/6
  1717 | D:3      | Found a white marble altar of Elyvilon.
  1926 | D:3      | 1926 ||| Stepping ~*~*~tactically~*~*~ (hiding).
  1937 | D:3      | HP: 4/37 [gnoll/+0 club (7)]
  1938 | D:3      | 1938 ||| READING scroll of teleportation.
  1938 | D:3      | Slain by a gnoll

Levels and vault maps discovered:
D:1:      minmay_arrival_up_and_down, layout_loops_cross, minmay_box_of_dots
D:2:      layout_loops_ring, chequers_ecumenical_altar_twisty,
          minmay_misc_feat_more_columns
D:3:      layout_loops_cross, nicolae_elyvilon_peaceful_grove,
          grunt_ministairs_9, kennysheep_pointless_box, uniq_natasha,
          uniq_jessica, uniq_grinder

Skill      XL: |  1  2  3  4 |
---------------+-------------+-----
Axes           | 2 3 5 |  5.9
Fighting       | |  3.5
Armour         | |  3.2
Shields        | |  3.2

Action                     |  1- 3 |  4- 6 || total
---------------------------+-------+-------++-------
  Melee: War axe           |    93 |    56 ||   149
    Use: Scroll            |     1 |     3 ||     4
         Potion            |     1 |     1 ||     2
 Armour: Scale mail        |    69 |       ||    69
         Chain mail        |     9 |    19 ||    28
  Dodge: Dodged            |    53 |    23 ||    76
  Block: Buckler           |    14 |     3 ||    17

Table legend:
 A = Non-vault XP
 B = Vault XP
 C = Vault XP percentage of total XP
 D = Non-vault monster count
 E = Vault monster count
 F = Vault count percentage of total count
                 A         B        C        D         E       F
            +---------+---------+-------+---------+---------+-------
      Total |     141 |     302 |  68.2 |      40 |       8 |  16.7
            +---------+---------+-------+---------+---------+-------
        D:1 |      40 |       7 |  14.9 |      24 |       5 |  17.2
        D:2 |      96 |       0 |   0.0 |      13 |       0 |   0.0
        D:3 |       5 |     295 |  98.3 |       3 |       3 |  50.0
            +---------+---------+-------+---------+---------+-------
